Map: Lightshade LE

Players

PhotonMan - Winner!

  • Race: Zerg Zerg
  • League: Diamond
  • Spawn Location: 5:00

AngryRaven

  • Race: Terran Terran
  • Spawn Location: 11:00

VOD

Have the link to the VOD?

Description

Time

  • Played on: Feb. 11, 2021, 11:35 p.m.
  • Length: 4:07
Show
View Real Time Build Order
Export as new Build Order

PhotonMan Zerg - Winner!

Build Orders: Pool First 

Get SALT Encoding   

  12  0:01  Drone  
  13  0:15  Overlord  
  13  0:17  Drone  
  14  0:34  Drone x2  
  16  0:40  Drone  
  17  0:48  Extractor  
  16  0:53  Spawning Pool  
  16  0:54  Drone  
  16  0:59  Drone  
  17  1:10  Drone  
  18  1:21  Drone  
  19  1:43  Zergling x2  
  19  1:44  Zergling x2  
  19  1:45  Queen, Roach Warren  
  22  1:56  Overlord  
  22  2:02  Metabolic Boost  
  22  2:12  Hatchery  
  21  2:28  Roach x3  
  27  2:45  Overlord  
  27  2:52  Overlord  
  27  2:54  Zergling x6  
  30  3:05  Zergling x2  
  31  3:14  Overlord  
  31  3:25  Ravager x2  
  33  3:27  Zergling x4  
  33  3:32  Zergling x6  
  38  3:47  Zergling x6  
  41  3:53  Ravager  
Show
View Real Time Build Order
Export as new Build Order

AngryRaven Terran 

Build Orders: Reaper Expand 

Get SALT Encoding   

  12  0:01  SCV  
  13  0:14  SCV  
  14  0:17  Supply Depot  
  14  0:26  SCV  
  15  0:39  SCV  
  15  0:40  Barracks  
  16  0:44  Refinery  
  16  0:51  SCV  
  17  1:03  SCV  
  18  1:15  SCV  
  19  1:28  Reaper  
  20  1:35  Command Center  
  20  1:42  Orbital Command  
  20  1:58  Supply Depot x2  
  20  2:11  SCV  
  20  2:13  Barracks Reactor  
  20  2:15  Marine  
  21  2:27  Bunker  
  21  2:33  Marine  
  21  2:35  SCV, Factory  
  22  2:47  SCV  
  22  2:50  Marine  
  24  2:52  Orbital Command  
  24  2:59  SCV, Supply Depot  
  24  3:02  Supply Depot  
  25  3:08  Marine  
  25  3:11  SCV  
  27  3:18  SCV  
  28  3:20  Factory Tech Lab  
  28  3:23  SCV  
  28  3:26  Marine  
  30  3:28  Supply Depot  
  30  3:30  SCV  
  31  3:35  SCV  
  35  3:42  SCV  
  35  3:47  SCV  
  37  3:54  SCV  
Tags
 
Add a new tag
Caveats
  • Supply blocks, unpowered buildings, or Contaminate may cause inaccurate times.
  • Supply counts are checked every 10 seconds.